 Dungeon Crawl Stone Soup version 0.31-a0-996-g3b49de5836 (webtiles) character file.

Game seed: 16204637910059510359

296 Nedwor the Chopper (level 6, 0/53 HPs)
             Began as a Minotaur Gladiator on Nov 7, 2023.
             Slain by ripuliukko's ghost (4 damage)
             ... on level 3 of the Dungeon.
             The game lasted 00:03:47 (3151 turns).

Nedwor the Chopper (Minotaur Gladiator)             Turns: 3151, Time: 00:03:48

Health: 0/53       AC:  4    Str: 20    XL:     6   Next: 12%
Magic:  5/5        EV: 13    Int:  5    God:
Gold:   163        SH:  0    Dex: 12    Spells: 5/5 levels left

rFire   . . .        a - +0 war axe
rCold   . . .        (no shield)
rNeg    . . .        b - +0 leather armour
rPois   .            c - +1 hat
rElec   .            (no cloak)
rCorr   .            (no gloves)
SInv    .            (no boots)
Will    .....        (no amulet)
Stlth   +            (no ring)
HPRegen 0.28/turn    (no ring)
MPRegen 0.09/turn

%: no passive effects
@: no status effects
A: horns 2, retaliatory headbutt
a: no special abilities


You were on level 3 of the Dungeon.
You visited 1 branch of the dungeon, and saw 3 of its levels.

You collected 163 gold pieces.

Inventory:

Hand Weapons
 a - a +0 war axe (weapon)
Missiles
 d - 3 throwing nets (quivered)
 e - a javelin
Armour
 b - a +0 leather armour (worn)
 c - a +1 hat (worn)
Wands
 l - a wand of mindburst (6)
Scrolls
 f - 2 scrolls of fog
 p - 2 scrolls of enchant armour
Potions
 k - a potion of might {unknown}
 q - 2 potions of curing
 s - a potion of mutation {unknown}
 t - a potion of heal wounds {unknown}
 u - a potion of attraction {unknown}


   Skills:
 + Level 4.3 Fighting
 * Level 6.4 Axes
 - Level 2.0 Throwing
 + Level 4.7 Dodging


You had 5 spell levels left.
You didn't know any spells.
Your spell library was empty.

Dungeon Overview and Level Annotations

Branches:
Dungeon (3/15)

Altars:

Annotations:
D:3 1 transporter, ripuliukko's ghost, amateur GrEE


Innate Abilities, Weirdness & Mutations

You have a pair of horns on your head.
You reflexively headbutt those who attack you in melee.


Message History

You start waiting.
Done waiting.
You start waiting.
Done waiting.
You start waiting.
Done waiting.
You start waiting.
Done waiting.
You start waiting.
You start waiting.
The ogre shouts!
You hear a shout!
Ripuliukko's ghost turns its malevolent gaze towards you.
There is a transporter here.
You enter the transporter and appear at another place.
You are confused.
You feel invigorated.
Ripuliukko's ghost gestures at you while chanting.
The blast of sand misses you.
You bump into the stone wall.
You feel less invigorated.
You feel less confused.
The ogre hits you with a +0 giant spiked club!
You hit the ogre.
The ogre is lightly wounded.
You hit ripuliukko's ghost but do no damage.
Ripuliukko's ghost casts a spell at you.
The blast of sand misses you.
The ogre hits you with a +0 giant spiked club!!
You hit the ogre. You headbutt the ogre. You punch the ogre.
The ogre is severely wounded.
You closely miss ripuliukko's ghost. You closely miss the ogre.
Ripuliukko's ghost casts a spell at you.
The blast of sand misses you. The ogre barely misses you. x2
Ripuliukko's ghost hits you.
* * * LOW HITPOINT WARNING * * *
You miss ripuliukko's ghost. You barely miss the ogre. You hit the ogre.
The ogre hits you with a +6 giant spiked club!
* * * LOW HITPOINT WARNING * * *
Ripuliukko's ghost hits you.
You die...

,#.# #.....# #.#######....#.#
.#.# ####..# #..........#...#
.#.# #..# ########...#...# <#.#
#..# #.###.#.# ...## #..#
#.....#.. #...# #####..#
###.###.# #.#.# #..#############
#.....# #.#.####.##.....©.....###
#.#.###
...#......#.#..#@#..#.#####......
#.#.#.....#..##OOW##..#........†#
#.#.#.##.##..##...##..#####......
#.#.#.##.##.#..#.#..#.###........
#.#.#.##.##.....)[...©#...#.####.
#.#.#.##.##################.# #.
#.#............©.©.....## #.# #.
#.###..................## #.# #.
*,* #..#.#######.#.###### #.# #.


You could see 2 ogres and ripuliukko's ghost.

Vanquished Creatures
  A scorpion (D:3)
  Natasha (thrice) (D:3)
  8 adders
  3 worms
  A dart slug (D:1)
  4 orcs (D:3)
  7 ball pythons
  5 bats
  6 endoplasms
  5 giant cockroaches
  A goblin (D:2)
  13 hobgoblins
  2 jackals (D:2)
  5 kobolds
  4 quokkas
  5 frilled lizards
  7 rats
80 creatures vanquished.

Notes
Turn   | Place    | Note
-------+----------+-------------------------------------------
     0 | D:1      | Nedwor the Minotaur Gladiator began the quest for the Orb.
     0 | D:1      | Reached XP level 1. HP: 18/18 MP: 0/0
   161 | D:1      | Reached skill level 4 in Axes
   168 | D:1      | Reached XP level 2. HP: 21/25 MP: 1/1
   470 | D:1      | Reached XP level 3. HP: 31/31 MP: 2/2
  1116 | D:2      | Reached XP level 4. HP: 38/38 MP: 3/3
  1194 | D:2      | Reached skill level 5 in Axes
  1501 | D:3      | Noticed a scorpion
  1504 | D:3      | Killed a scorpion
  1505 | D:3      | Reached XP level 5. HP: 46/46 MP: 4/4
  1703 | D:3      | Noticed Natasha
  1712 | D:3      | Killed Natasha
  1854 | D:3      | Found a transporter.
  1953 | D:3      | Reached skill level 6 in Axes
  2255 | D:3      | Noticed Natasha
  2259 | D:3      | Killed Natasha
  2260 | D:3      | Reached XP level 6. HP: 36/52 MP: 5/5
  2290 | D:3      | Noticed Natasha
  2295 | D:3      | Killed Natasha
  2320 | D:3      | Found a transporter.
  2321 | D:3      | Noticed ripuliukko's ghost (amateur GrEE)
  3151 | D:3      | Slain by ripuliukko's ghost

Illustrated notes

Levels and vault maps discovered:
D:1:      minmay_arrival_stone_box, layout_basic
D:2:      layout_loops_ring
D:3:      layout_loops_ring, gammafunk_ghost_smash,
          hangedman_abyss_or_decor_stabs, chequers_avenue, minmay_snake_closets,
          uniq_natasha

Skill      XL: |  1  2  3  4  5 |
---------------+----------------+-----
Axes           | 4 5 6 |  6.4
Fighting       | 3 4 |  4.3
Dodging        | 4 |  4.7
Throwing       | |  2.0

Action                     |  1- 3 |  4- 6 || total
---------------------------+-------+-------++-------
  Melee: War axe           |    81 |    92 ||   173
         Headbutt          |    11 |    11 ||    22
         Punch             |     1 |     1 ||     2
    Use: Scroll            |       |    10 ||    10
         Potion            |       |     1 ||     1
   Stab: Sleeping          |     1 |       ||     1
 Armour: Leather armour    |    47 |    43 ||    90
  Dodge: Dodged            |    53 |    74 ||   127

Table legend: (Time is in decaauts)
 A = Elapsed time spent in this place.
 B = Non-inter-level travel time spent in this place.
 C = Inter-level travel time spent in this place.
 D = Time resting spent in this place.
 E = Time spent auto-exploring this place.
 F = Levels seen in this place.
 G = Mean time per level.
                   A        B        C        D        E       F      G
               +--------+--------+--------+--------+--------+-----+--------+
         Total |   3193 |   3084 |    109 |    674 |   1949 |   3 | 1064.3 |
       Dungeon |   3193 |   3084 |    109 |    674 |   1949 |   3 | 1064.3 |
               +--------+--------+--------+--------+--------+-----+--------+

Top non-repeatable levels by time:
     D:3: 1668 daAuts
     D:2: 796 daAuts
     D:1: 728 daAuts
